 Dungeon Crawl Stone Soup version 0.27-a0-1116-g91b3acb402 (webtiles) character file.

Game seed: 12665924237767588249

1775 spiderkeys the Sneak (level 9, -2/38 (44) HPs)
             Began as a Vine Stalker Enchanter on May 2, 2021.
             Slain by a wight
             ... wielding a +0 halberd
              (8 damage)
             ... on level 6 of the Dungeon.
             The game lasted 00:16:20 (7609 turns).

spiderkeys the Sneak (Vine Stalker Enchanter)       Turns: 7609, Time: 00:16:21

HP:   -2/38 (44)    AC:  4    Str: 11    XL:     9   Next: 7%
MP:   0/17          EV: 12    Int: 15    God:
Gold: 1223          SH:  4    Dex: 18    Spells: 8/17 levels left

rFire    . . .     SeeInvis .   g - +1 short sword (venom)
rCold    . . .     Faith    .   w - +0 buckler
rNeg     . . .     Spirit   +   m - +0 leather armour
rPois    .         Reflect  .   (no helmet)
rElec    .         Harm     .   x - +0 cloak
rCorr    .         Rampage  .   (no gloves)
Will     +....                  (no boots)
Stlth    ++++......             (no amulet)
HPRegen  1.12/turn              (no ring)
MPRegen  0.15/turn              (no ring)

@: heavily drained
A: fangs 3, regeneration 1, magic shield, antimagic bite, no potion heal 2
a: no special abilities


You were on level 6 of the Dungeon.
You visited 2 branches of the dungeon, and saw 8 of its levels.
You also visited: Sewer.

You collected 1223 gold pieces.


Innate Abilities, Weirdness & Mutations

You have razor-sharp teeth.
Your natural rate of healing is unusually fast.
When hurt, damage is shared between your health and your magic reserves.
Your bite disrupts and absorbs the magic of your enemies.
Potions cannot restore your health.


   Skills:
 + Level 3.5 Fighting
 * Level 5.4 Short Blades
 + Level 3.7 Dodging
 + Level 7.1 Stealth
 + Level 4.7 Spellcasting
 + Level 5.2 Hexes


You had 8 spell levels left.
You knew the following spells:

 Your Spells              Type           Power      Damage    Failure   Level
c - Corona                Hex            21%        N/A       4%          1
d - Tukima's Dance        Hex            19%        N/A       13%         3
e - Ensorcelled Hibernat  Hex/Ice        22%        N/A       19%         2
t - Confusing Touch       Hex            19%        N/A       13%         3

Your spell library contained the following spells:

 Spells                   Type           Power      Damage    Failure   Level
 Dazzling Flash           Conj/Hex       22%        N/A       36%         3

Inventory:

Hand Weapons
 a - a +1 dagger
 g - a +1 short sword of venom (weapon)
   (You took it off a kobold on level 1 of the Dungeon)
 u - a +0 rapier
   (You found it on level 5 of the Dungeon)
Missiles
 c - 224 stones
 d - 40 bolts
 e - 42 arrows
 f - 7 javelins
 s - 41 sling bullets
 v - 9 poisoned darts
 y - 5 boomerangs
Armour
 m - a +0 leather armour (worn)
   (You found it on level 3 of the Dungeon)
 w - a +0 buckler (worn)
   (You found it on level 6 of the Dungeon)
 x - a +0 cloak (worn)
   (You found it on level 6 of the Dungeon)
Jewellery
 C - a ring of ice
   (You found it on level 2 of the Dungeon)
 F - a ring of fire
   (You found it on level 3 of the Dungeon)
 W - a ring of magical power
   (You found it on level 7 of the Dungeon)
Wands
 p - a wand of charming (12)
   (You found it on level 4 of the Dungeon)
Scrolls
 b - 2 scrolls of identify {@r1}
 h - a scroll of immolation {!r!r}
 j - 10 scrolls of teleportation {@r4}
 k - a scroll of blinking {!r}
 l - a scroll of enchant armour
 t - a scroll of noise {unknown}
Potions
 i - 5 potions of curing {@q1}
 n - a potion of lignification {!q}
 o - a potion of ambrosia
 q - 4 potions of flight
 r - a potion of resistance
 z - a potion of might {unknown}

Dungeon Overview and Level Annotations

Branches:
Dungeon (7/15)             Temple (1/1) D:4           Sewer (visited)

Altars:
Ashenzari
Fedhas
Hepliaklqana
Makhleb
Okawaru
Qazlal
Ru
Trog
Wu Jian
Xom
Yredelemnul
The Shining One

Annotations:
D:7 3 runed translucent doors

....#................,,,,,,,**
.#..##...$..............,,,,,*
###..##.................,,,,,*
#
##.*##.....)..........,,**,****
#
**,#.................,,***,*,,
**
#..####.)..........,,,***,,**
.##*#.#*
###.zz......,**,,,,,*** ..,...*
#z#...###,**,,****,,, .####.#
*#..z@...#,,,,,,,,,,,, .# *.##
*#...z........,,,,,,,,, .#
##..####....#####....,*,,*+*,,
.###.......#..## **!..,*,,*_*,,
.#....#..####.#* *,,.,*,,*+*,,
.....##.#* #..* #....#..,,,,*
##.).#..# ##.#* **#.......,,,,*
###....#* #..##*,,.....#***,**
.......## *#...,,*#....# ***


You could see 5 wights.


Message History

Confirm with . or Enter, or press ? or * to list all spells.
Aiming: Tukima's Dance (dangerous; 13% risk of failure)
Press: ? - help, Shift-Dir - straight line, f - wight
Aim: a wight, wielding a +0 rapier, wearing a +0 robe and wearing a ring of protection from fire (chance to affect: 57%)
The wight resists with significant effort.
The wight barely misses you. 😎 MP[-3]
You lost 3 mp, and now have 3/17 mp.
Casting: Tukima's Dance (dangerous; 13% risk of failure)
Confirm with . or Enter, or press ? or * to list all spells.
Aiming: Tukima's Dance (dangerous; 13% risk of failure)
Press: ? - help, Shift-Dir - straight line, f/p - wight
Aim: a wight, wielding a +0 rapier, wearing a +0 robe and wearing a ring of protection from fire (chance to affect: 57%)
The wight resists with significant effort.
The wight barely misses you. 😎 MP[-3]
You lost 3 mp, and now have 0/17 mp.
Casting: Tukima's Dance (dangerous; 13% risk of failure)
Confirm with . or Enter, or press ? or * to list all spells.
You don't have enough magic to cast this spell.
You hit the wight but do no damage. The wight barely misses you.
The wight hits you with a +0 rapier! The wight barely misses you. 😕 HP[-7]
You take 7 damage, and now have 37/44 hp.
You hit the wight but do no damage. The wight hits you.
You feel drained. The wight hits you with a +0 rapier!
The wight misses you. 😮 HP[-10]
You now have 42 max hp (-2).
You take 10 damage, and now have 27/42 hp.
MASSIVE DAMAGE!! (PAUSE) 😮 HP[+1] MP[+1] 😮 HP[+1] 😮 HP[+1] 😮 HP[+1] 😕 HP[+1] 😕 HP[+2]
You regained 2 hp, and now have 34/42 hp.
Your magical contamination has completely faded away. 😕 HP[+1] MP[+1] 😕 HP[+1] 😕 HP[+1] 😕 HP[+1] 😕 HP[+1] 😕 HP[+1] 😎 HP[+2]
Your hp is fully restored (42). 😎 MP[+1]
Casting: Tukima's Dance (dangerous; 13% risk of failure)
Confirm with . or Enter, or press ? or * to list all spells.
Aiming: Tukima's Dance (dangerous; 13% risk of failure)
Press: ? - help, Shift-Dir - straight line, f/p - wight
Aim: a wight, wielding a +0 rapier, wearing a +0 robe and wearing a ring of protection from fire (chance to affect: 57%)
Okay, then.
You hit the wight but do no damage. You block the wight's attack.
You hit the wight but do no damage. Your bite misses the wight. 😎 MP[+1]
Casting: Tukima's Dance (dangerous; 13% risk of failure)
Confirm with . or Enter, or press ? or * to list all spells.
Aiming: Tukima's Dance (dangerous; 13% risk of failure)
Press: ? - help, Shift-Dir - straight line, f/p - wight
Aim: a wight, wielding a +0 rapier, wearing a +0 robe and wearing a ring of protection from fire (chance to affect: 57%)
The +0 rapier dances into the air!
The wight hits your +0 rapier! 😎 MP[-3]
You lost 3 mp, and now have 1/17 mp.
You hit the wight but do no damage. You block the wight's attack.
You closely miss the wight. The wight hits you!
You feel drained. The wight barely misses you. The wight hits you.
You feel drained.
The wight barely misses you. 😮 HP[-16] MP[-1]
You now have 39 max hp (-3).
You take 16 damage, and now have 26/39 hp.
MASSIVE DAMAGE!! (PAUSE)
You lost 1 mp, and now have 0/17 mp.
The wight hits you from afar with a +2 spear of venom!
* * * LOW HITPOINT WARNING * * *
You feel drained.
* * * LOW HITPOINT WARNING * * *
You are poisoned.
The wight misses you. 😨 HP[-10] MP[+1]
You now have 38 max hp (-1).
You take 10 damage, and now have 16/38 hp.
MASSIVE DAMAGE!! (PAUSE)
You feel very sick. 😨 HP[-4]
You take 4 damage, and now have 12/38 hp.
You feel very sick.
The wight hits you from afar with a +0 halberd.
* * * LOW HITPOINT WARNING * * *
😱 HP[-7]
You take 7 damage, and now have 5/38 hp.
Your system rejects the healing.
You feel better. The wight completely misses you.
The wight hits you but does no damage. The wight barely misses you.
The wight hits you from afar with a +0 halberd!
You die...

Skill      XL: |  1  2  3  4  5  6  7  8  9 |
---------------+----------------------------+-----
Short Blades   | 1 2 3 4 5 |  5.4
Stealth        | 4 5 6 7 |  7.1
Fighting       | 1 2 3 |  3.5
Dodging        | 2 3 |  3.7
Spellcasting   | 3 4 |  4.7
Hexes          | 4 5 |  5.2

Action                   |  1- 3 |  4- 6 |  7- 9 || total
-------------------------+-------+-------+-------++-------
Melee: Dagger            |    34 |       |       ||    34
       Bite              |     8 |    35 |    80 ||   123
       Short sword       |    35 |   120 |   334 ||   489
Throw: Stone             |     4 |       |       ||     4
       Javelin           |       |     1 |     2 ||     3
       Dart              |       |       |     3 ||     3
 Cast: Corona            |    13 |       |       ||    13
       Ensorcelled Hiber |       |     1 |       ||     1
       Tukima's Dance    |       |       |     7 ||     7
  Use: Scroll            |     4 |     4 |     3 ||    11
       Potion            |     1 |       |     1 ||     2
 Stab: Sleeping          |     4 |     8 |    15 ||    27
       Distracted        |       |     1 |     1 ||     2
Armor: Robe              |     6 |     5 |       ||    11
       Leather armour    |       |    15 |    60 ||    75
Dodge: Dodged            |    30 |    56 |   201 ||   287
Block: Buckler           |       |       |     2 ||     2

Levels and vault maps discovered:
D:1:      minmay_arrival_four_loops, layout_basic,
          shapermc_ecumenical_altar_mp_highgroup
D:2:      layout_basic, minmay_liquid_box
D:3:      layout_loops_cross, chequers_serial_rivers_marsh
D:4:      layout_basic, lemuel_doored_altar, minmay_temple_entry_gardened_gates,
          hex_large
D:5:      layout_loops_ring, grunt_temple_overflow_forces_of_nature,
          minmay_statues_item, nrook_pool_corridor, lemuel_old_faithful
D:6:      layout_layer_cave, kennysheep_mini_moat, portal_sewer_entry_e,
          uniq_grinder
D:7:      layout_cave_pods, chequers_temple_overflow_statue_of_worship,
          ebering_ghost_rock_garden
Temple:   compressed_dpeg_triangle_lava_temple

Notes
Turn   | Place    | Note
-------+----------+-------------------------------------------
     0 | D:1      | spiderkeys the Vine Stalker Enchanter began the quest for
                  | the Orb.
     0 | D:1      | Reached XP level 1. HP: 9/9 MP: 4/4
     0 | D:1      | magus.rc [v1.9.10]
   163 | D:1      | Found a faded altar of an unknown god.
   261 | D:1      | HP: 2/9 [frozen (3)]
   263 | D:1      | Reached skill level 1 in Short Blades
   697 | D:1      | Reached XP level 2. HP: 13/13 MP: 4/6
  1026 | D:1      | Reached skill level 4 in Stealth
  1805 | D:1      | Identified a scroll of acquirement
  1805 | D:1      | Acquired 896 gold pieces
  1979 | D:2      | Reached XP level 3. HP: 17/17 MP: 7/7
  2289 | D:2      | HP: 4/17 [poisoned by an adder]
  2597 | D:2      | HP: 4/17 [poisoned by an adder]
  3073 | D:2      | Gained mutation: Your natural rate of healing is unusually
                  | fast. [Vine Stalker growth]
  3073 | D:2      | Reached XP level 4. HP: 14/21 MP: 5/8
  3076 | D:2      | Reached skill level 1 in Fighting
  3334 | D:3      | Learned a level 2 spell: Ensorcelled Hibernation
  3396 | D:3      | Noticed an ogre
  3403 | D:3      | Killed an ogre
  3404 | D:3      | Reached skill level 2 in Short Blades
  3404 | D:3      | Reached skill level 2 in Dodging
  3404 | D:3      | Reached XP level 5. HP: 25/25 MP: 8/10
  3523 | D:3      | Reached skill level 5 in Stealth
  3634 | D:3      | Noticed a black bear
  3642 | D:3      | Killed a black bear
  3643 | D:3      | Reached skill level 3 in Spellcasting
  3643 | D:3      | Reached XP level 6. HP: 20/30 MP: 3/11
  4303 | D:4      | Found a staircase to the Ecumenical Temple.
  4311 | Temple   | Entered the Ecumenical Temple
  4625 | D:4      | Found a hazy altar of Hepliaklqana.
  4785 | D:4      | Reached skill level 3 in Short Blades
  4869 | D:4      | Reached skill level 4 in Hexes
  4871 | D:4      | Reached XP level 7. HP: 34/34 MP: 12/12
  4897 | D:4      | Reached skill level 2 in Fighting
  5551 | D:5      | Entered Level 5 of the Dungeon
  5858 | D:5      | Found a stormy altar of Qazlal.
  5870 | D:5      | Found a blossoming altar of Fedhas.
  6129 | D:5      | Reached skill level 4 in Short Blades
  6181 | D:5      | Reached skill level 3 in Dodging
  6181 | D:5      | Reached skill level 6 in Stealth
  6181 | D:5      | Gained mutation: You have razor-sharp teeth. [Vine Stalker
                  | growth]
  6181 | D:5      | Reached XP level 8. HP: 37/39 MP: 12/14
  6221 | D:5      | Reached skill level 4 in Spellcasting
  6341 | D:5      | You fall into a shaft and drop 2 floors!
  6341 | D:7      | Found a runed translucent gate.
  6341 | D:7      | Found a runed translucent gate.
  6359 | D:7      | Found a runed translucent gate.
  6399 | D:6      | Reached skill level 3 in Fighting
  6513 | D:6      | HP: 8/40 [gnoll sergeant/+0 spear (7)]
  6536 | D:6      | Reached skill level 5 in Short Blades
  6560 | D:6      | Reached skill level 5 in Hexes
  6658 | D:6      | HP: 5/37 [river rat (6)]
  6709 | D:6      | Found a glowing drain.
  6715 | Sewer    | Entered a sewer
  6762 | Sewer    | Reached XP level 9. HP: 43/43 MP: 16/16
  6764 | Sewer    | Reached skill level 7 in Stealth
  6801 | Sewer    | Learned a level 3 spell: Confusing Touch
  6805 | Sewer    | Learned a level 3 spell: Tukima's Dance
  7608 | D:6      | HP: 5/38 [wight/+0 halberd (6)]
  7609 | D:6      | Slain by a wight

Vanquished Creatures
  A water moccasin (D:7)
  An orc warrior (D:4)
  2 ice beasts
  A black bear (D:3)
  A sky beast (D:6)
  An ogre (D:3)
  A centaur (D:4)
  A phantom (D:5)
  A scorpion (D:5)
  A gnoll sergeant (D:6)
  A water moccasin zombie (D:5)
  A howler monkey (D:6)
  2 centaur zombies
  3 hounds
  2 orc priests (D:6)
  A bullfrog skeleton (D:5)
  An iguana (D:4)
  3 orc wizards
  A merfolk avatar (Sewer)
  A hound skeleton (D:4)
  8 gnolls
  A howler monkey skeleton (D:5)
  8 adders
  5 river rats
  2 worms (D:4)
  4 dart slugs
  31 orcs
  3 bats
  9 endoplasms
  4 giant cockroaches
  4 goblins
  11 hobgoblins
  7 jackals
  8 quokkas
  6 ball pythons
  2 frilled lizards (Sewer)
  5 kobolds
  25 rats
170 creatures vanquished.

Vanquished Creatures (collateral kills)
  A merfolk siren (Sewer)
1 creature vanquished.

Vanquished Creatures (others)
  2 dancing weapons (D:6)
  A plant (D:4)
3 creatures vanquished.

Grand Total: 174 creatures vanquished

Table legend:
 A = Non-vault XP
 B = Vault XP
 C = Vault XP percentage of total XP
 D = Non-vault monster count
 E = Vault monster count
 F = Vault count percentage of total count
                 A         B        C        D         E       F
            +---------+---------+-------+---------+---------+-------
      Total |    2321 |     215 |   8.5 |     122 |      49 |  28.7
            +---------+---------+-------+---------+---------+-------
        D:1 |      28 |       0 |   0.0 |      15 |       0 |   0.0
        D:2 |      65 |       0 |   0.0 |      15 |       0 |   0.0
        D:3 |     287 |       0 |   0.0 |      22 |       0 |   0.0
        D:4 |     461 |       0 |   0.0 |      30 |       0 |   0.0
        D:5 |     642 |       0 |   0.0 |      17 |       0 |   0.0
        D:6 |     691 |      34 |   4.7 |      22 |       8 |  26.7
        D:7 |     147 |       0 |   0.0 |       1 |       0 |   0.0
      Sewer |       0 |     181 | 100.0 |       0 |      41 | 100.0
            +---------+---------+-------+---------+---------+-------

Illustrated notes

Table legend:
 A = Kills in this place as a percentage of kills in entire the game.
 B = Kills by you in this place as a percentage of kills by you in the entire game.
 C = Kills by friends in this place as a percentage of kills by friends in the entire game.
 D = Other kills in this place as a percentage of other kills in the entire game.
 E = Experience gained in this place as a percentage of experience gained in the entire game.
 F = Experience gained in this place divided by the number of levels of this place that you have seen.
                   A       B       C       D       E      F
               +-------+-------+-------+-------+-------+----------------------
         Total | 100.0 | 100.0 | 100.0 |   N/A | 100.0 | 281.8
       Dungeon |  76.0 |  76.5 |   0.0 |   N/A |  92.9 | 336.4
         Sewer |  24.0 |  23.5 | 100.0 |   N/A |   7.1 | 181.0
               +-------+-------+-------+-------+-------+----------------------

Table legend: (Time is in decaauts)
 A = Elapsed time spent in this place.
 B = Non-inter-level travel time spent in this place.
 C = Inter-level travel time spent in this place.
 D = Time resting spent in this place.
 E = Time spent auto-exploring this place.
 F = Levels seen in this place.
 G = Mean time per level.
                   A        B        C        D        E       F      G
               +--------+--------+--------+--------+--------+-----+--------+
         Total |   7628 |   7476 |    152 |    214 |   5545 |   9 |  847.6 |
       Dungeon |   6875 |   6723 |    152 |    214 |   5189 |   7 |  982.1 |
        Temple |    200 |    200 |      0 |      0 |     96 |   1 |  200.0 |
         Sewer |    552 |    552 |      0 |      0 |    260 |   1 |  552.0 |
               +--------+--------+--------+--------+--------+-----+--------+

Top non-repeatable levels by time:
     D:1: 1855 daAuts
     D:2: 1462 daAuts
     D:4: 1253 daAuts
     D:3: 853 daAuts
     D:5: 732 daAuts
     D:6: 666 daAuts
   Sewer: 552 daAuts
  Temple: 200 daAuts
     D:7: 50 daAuts
